 Dungeon Crawl Stone Soup version 0.28-a0-653-g7e9dba17c3 (webtiles) character file.

Game seed: 1279724157435449904

239 ytrimaz the Chopper (level 6, -1/55 HPs)
             Began as a Hill Orc Monk on Oct 12, 2021.
             Was a Believer of Beogh.
             Slain by a scorpion (5 damage)
             ... on level 4 of the Dungeon.
             The game lasted 00:05:35 (3553 turns).

ytrimaz the Chopper (Hill Orc Monk)                 Turns: 3553, Time: 00:05:35

Health: -1/55      AC: 11    Str: 16    XL:     6   Next: 7%
Magic:  0/6        EV:  7    Int: 10    God:    Beogh [**....]
Gold:   74         SH:  0    Dex: 13    Spells: 5/5 levels left

rFire   . . .      SeeInvis .   k - +2 mace (protect)
rCold   . . .      Faith    .   (no shield)
rNeg    . . .      Spirit   +   m - +0 chain mail
rPois   .          Reflect  .   f - +0 helmet
rElec   .          Harm     .   l - +0 cloak
rCorr   .          Rampage  .   (no gloves)
Will    .....                   (no boots)
Stlth   ..........              d - amulet of guardian spirit
HPRegen 0.18/turn               (no ring)
MPRegen 0.10/turn               (no ring)

@: no status effects
A: no striking features
a: Renounce Religion, Smiting


You were on level 4 of the Dungeon.
You worshipped Beogh.
Beogh was pleased with you.
You visited 1 branch of the dungeon, and saw 5 of its levels.

You collected 172 gold pieces.
You spent 98 gold pieces at shops.

Inventory:

Hand Weapons
 a - a +1 hand axe
 j - a +3 hand axe
 k - a +2 mace of protection (weapon)
Missiles
 i - 28 poisoned darts (quivered)
Armour
 f - a +0 helmet (worn)
 l - a +0 cloak (worn)
 m - a +0 chain mail (worn)
Jewellery
 d - an amulet of guardian spirit (around neck)
Scrolls
 e - a scroll of identify
 n - a scroll of magic mapping
Potions
 b - a potion of lignification
 c - 2 potions of curing
 g - a potion of heal wounds


   Skills:
 + Level 4.8 Fighting
 - Level 5.7(5.8) Axes
 * Level 0.4(2.9) Maces & Flails
 * Level 2.9 Armour
 + Level 3.3 Dodging
 - Level 1.5 Stealth


You had 5 spell levels left.
You didn't know any spells.
Your spell library contained the following spells:

 Spells                   Type           Power      Damage    Failure   Level
 Ozocubu's Armour         Ice            0%         N/A       100%        3
 Ozocubu's Refrigeration  Ice            0%         4d5       100%        7


Dungeon Overview and Level Annotations

Branches:
Dungeon (5/15)
 Temple: D:4-7

Altars:
Trog
Wu Jian

Shops:
D:1 *   D:4 ?

Annotations:
D:4 Sigmund


Message History

The iguana bites you! The hound bites you but does no damage.
The bullfrog zombie hits you but does no damage.
The black bear bites you.
The black bear claws you but does no damage.
The black bear claws you.
You sock the hound!
You kill the hound!
Beogh accepts your kill. The bullfrog zombie closely misses you.
The iguana bites you!
* * * LOW HITPOINT WARNING * * *
The black bear bites you but does no damage.
The black bear barely misses you.
The black bear claws you but does no damage.
The bullfrog zombie hits you but does no damage.
The iguana bites you!
* * * LOW HITPOINT WARNING * * *
You have reached level 6!
Your experience leads to an increase in your attributes!
Increase (S)trength, (I)ntelligence, or (D)exterity?
You feel stronger.
Unknown command.
The iguana closely misses you.
There is a stone staircase leading up here.
You see here a hound corpse.
Unknown command.
The black bear closely misses you. The black bear claws you.
* * * LOW HITPOINT WARNING * * *
The black bear claws you but does no damage.
The iguana closely misses you.
You climb upwards.
You hear the sound of rushing water.
There is an entrance to a sewer on this level.
Hurry and find it before the portal rusts away!
Level annotation: Sigmund The scorpion barely misses you.
There is a stone staircase leading down, spattered with blood here.
Unknown command.
As you read the scroll labelled XILEM SAFFUOSO, it crumbles to dust.
Wisps of shadow whirl around you...
It was a scroll of summoning.
The scorpion stings you.
You die...

#††....#.........##..##.........
#......#.........##.###.>.......
#......#..............(.†.......
#.....##.........##.##..........
#.....##.........##.##.#....<...
#...............###.##.##.......
##.......#..........##..##.....#
#..####.....######≈≈≈#.####.###
###..........@.l@sJ≈≈≈≈≈......#**
.............###h##≈≈∩...###....,
.#...#####.### #oo.≈≈≈≈≈(# ***##*
,#...# #.# ###o.≈≈≈#.# *
,#...#####.#### ##o####.# *
*#...##.......# #....#.## *
#............# ####[#..# *
#...##.......# #...[# *
#...########## ######


You could see Sigmund, a black bear (ally target), a scorpion (ally target), an
iguana, a friendly orc wizard (summoned), 3 friendly orcs and a friendly
endoplasm (summoned).

Vanquished Creatures
  A hound (D:5)
  A bullfrog skeleton (D:3)
  Terence (D:3)
  Jessica (D:3)
  2 orc wizards (D:3)
  2 adders
  A dart slug (D:3)
  3 orcs (D:3)
  4 endoplasms (D:2)
  A giant cockroach (D:1)
  2 hobgoblins (D:3)
  3 jackals (D:1)
  7 kobolds
  9 quokkas
  6 ball pythons
  6 bats
  2 frilled lizards
  3 goblins
  3 rats
58 creatures vanquished.

Vanquished Creatures (others)
  An orc (D:3)
  A goblin (D:3)
  A hobgoblin (D:3)
  A ball python (D:3)
4 creatures vanquished.

Grand Total: 62 creatures vanquished

Notes
Turn   | Place    | Note
-------+----------+-------------------------------------------
     0 | D:1      | ytrimaz the Hill Orc Monk began the quest for the Orb.
     0 | D:1      | Reached XP level 1. HP: 19/19 MP: 1/1
   120 | D:1      | Reached XP level 2. HP: 19/27 MP: 2/2
   792 | D:1      | Found Eprokem's General Store.
  1246 | D:2      | Found a bloodstained altar of Trog.
  1373 | D:2      | Reached skill level 1 in Armour
  1411 | D:2      | Reached XP level 3. HP: 32/33 MP: 3/3
  1778 | D:2      | Found a faded altar of an unknown god.
  2243 | D:3      | Became a worshipper of Beogh the Brigand
  2243 | D:3      | Reached * piety under Beogh
  2243 | D:3      | Reached ** piety under Beogh
  2287 | D:3      | Noticed Jessica
  2313 | D:3      | Killed Jessica
  2314 | D:3      | Reached skill level 5 in Axes
  2314 | D:3      | Reached XP level 4. HP: 25/40 MP: 1/4
  2444 | D:3      | Reached XP level 5. HP: 37/47 MP: 5/5
  2760 | D:3      | Noticed Terence
  2790 | D:3      | Killed Terence
  3481 | D:4      | Found Ataocs's Magic Scroll Emporium.
  3502 | D:4      | Bought a scroll of magic mapping for 49 gold pieces
  3502 | D:4      | Bought a scroll of magic mapping for 49 gold pieces
  3521 | D:4      | Noticed Sigmund
  3540 | D:5      | Entered Level 5 of the Dungeon
  3542 | D:5      | Found an ornate altar of the Wu Jian Council.
  3542 | D:5      | Noticed a black bear
  3550 | D:5      | Reached XP level 6. HP: 7/55 MP: 0/6
  3553 | D:4      | Slain by a scorpion

Illustrated notes

Levels and vault maps discovered:
D:1:      ncdulo_wetmaze, layout_loops_ring, serial_glass, glass_columns_c,
          glass_columns_a, serial_shops,
          nicolae_shop_competitors_out_of_business, minmay_misc_feat_tiny
D:2:      layout_basic, ebering_ecumenical_altar_box, basic_altar,
          hangedman_feature_mirror
D:3:      layout_loops_ring, minmay_diced_spiral, uniq_jessica, uniq_terence
D:4:      layout_rooms, hangedman_ru_absence, gup_sewer_entry_glass,
          serial_shops, nicolae_shop_waterfront, uniq_sigmund
D:5:      layout_rooms, mainiacjoe_overflow_alcove_1,
          mainiacjoe_overflow_boulevard, minmay_temple_entry_nine_rooms,
          uniq_eustachio, uniq_blork_the_orc

Skill      XL: |  1  2  3  4 |
---------------+-------------+-----
Fighting       | 4 |  4.8
Armour         | 1 2 |  2.9
Axes           | 5 |  5.7
Dodging        | 3 |  3.3
Maces & Flails | |  0.4
Stealth        | |  1.5

Action                   |  1- 3 |  4- 6 || total
-------------------------+-------+-------++-------
Melee: Hand axe          |   140 |    77 ||   217
       Mace              |       |    14 ||    14
Invok: Convert to Beogh  |     1 |       ||     1
  Use: Scroll            |     2 |     5 ||     7
       Potion            |     1 |     2 ||     3
 Stab: Sleeping          |     9 |       ||     9
Armor: Robe              |    31 |       ||    31
       Chain mail        |    33 |    75 ||   108
       Skin              |       |    14 ||    14
Dodge: Dodged            |    83 |    34 ||   117

Table legend: (Time is in decaauts)
 A = Elapsed time spent in this place.
 B = Non-inter-level travel time spent in this place.
 C = Inter-level travel time spent in this place.
 D = Time resting spent in this place.
 E = Time spent auto-exploring this place.
 F = Levels seen in this place.
 G = Mean time per level.
                   A        B        C        D        E       F      G
               +--------+--------+--------+--------+--------+-----+--------+
         Total |   3587 |   3536 |     51 |    632 |   2068 |   5 |  717.4 |
       Dungeon |   3587 |   3536 |     51 |    632 |   2068 |   5 |  717.4 |
               +--------+--------+--------+--------+--------+-----+--------+

Top non-repeatable levels by time:
     D:3: 1350 daAuts
     D:1: 1150 daAuts
     D:2: 965 daAuts
     D:4: 107 daAuts
     D:5: 13 daAuts
